 Dungeon Crawl Stone Soup version 0.31-a0-662-g684573625c (webtiles) character file.

Game seed: 6065636777262220895

8 Imperners the Firebug (level 2, 0/20 HPs)
             Began as a Draconian Fire Elementalist on Sept 1, 2023.
             Slain by Natasha (7 damage)
             ... on level 2 of the Dungeon.
             The game lasted 00:02:19 (224 turns).

Imperners the Firebug (Draconian Fire Elementalist)  Turns: 224, Time: 00:02:20

Health: 0/20       AC:  4    Str: 10    XL:     2   Next: 0%
Magic:  1/4        EV: 12    Int: 15    God:
Gold:   0          SH:  0    Dex: 11    Spells: 4/5 levels left

rFire   . . .        c - +0 dagger
rCold   . . .        (no shield)
rNeg    . . .        (body armour unavailable)
rPois   .            (helmet restricted)
rElec   .            (no cloak)
rCorr   .            (no gloves)
SInv    .            (no boots)
Will    .....        (no amulet)
Stlth   ++           (no ring)
HPRegen 0.23/turn    (no ring)
MPRegen 0.09/turn

%: no passive effects
@: slowed, very slow
A: AC +4, unfitting armour, cold-blooded, horns 1, talons 1, low MP 1
a: no special abilities


You were on level 2 of the Dungeon.
You visited 1 branch of the dungeon, and saw 2 of its levels.

Inventory:

Hand Weapons
 c - a +0 dagger (weapon)
Potions
 a - a potion of magic


   Skills:
 + Level 1.8 Dodging
 + Level 2.1 Stealth
 + Level 2.1 Spellcasting
 + Level 1.0 Conjurations
 + Level 3.2 Fire Magic


You had 4 spell levels left.
You knew the following spells:

 Your Spells              Type           Power      Damage    Failure   Level
a - Foxfire               Conj/Fire      28%        2x1d5     10%         1

Your spell library contained the following spells:

 Spells                   Type           Power      Damage    Failure   Level
 Scorch                   Fire           22%        2d5       9%          2
 Inner Flame              Hex/Fire       6%         N/A       34%         3
 Volatile Blastmotes      Fire/Tloc      12%        2d11      34%         3
 Flame Wave               Conj/Fire      7%         2d5       67%         4


Dungeon Overview and Level Annotations

Branches:
Dungeon (2/15)

Altars:

Annotations:
D:2 Natasha


Innate Abilities, Weirdness & Mutations

Your plain brown scales are hard. (AC +4)
You cannot fit into any form of body armour.
You are cold-blooded and may be slowed by cold attacks.
You have a pair of small horns on your head.
You have sharp toenails.
Your magical capacity is low. (-10% MP)


Message History

Natasha glows brightly for a moment.
Natasha mumbles some strange words.
Casting: Foxfire (safe; 10% risk of failure)
Confirm with . or Enter, or press ? or * to list all spells.
You conjure some foxfire!
The cerulean imp hits you from afar with a +2 spear.
The foxfire hits Natasha but does no damage.
Natasha is severely wounded.
The foxfire hits Natasha.
Natasha is almost dead.
Natasha casts a spell at you.
You feel yourself slow down.
The cerulean imp hits you with a +2 spear.
You barely miss the cerulean imp. Your kick misses the cerulean imp.
Your headbutt misses the cerulean imp. Natasha barely misses you.
The cerulean imp hits you with a +2 spear.
You barely miss the cerulean imp. You tail-slap the cerulean imp.
The cerulean imp is moderately wounded.
The cerulean imp closely misses you. Natasha casts a spell at you.
You resist with significant effort.
The cerulean imp hits you with a +2 spear.
Natasha claws you.
You barely miss the cerulean imp. Your kick misses the cerulean imp.
The cerulean imp is moderately wounded.
The cerulean imp misses you. Natasha casts a spell at you.
The magic dart hits you.
* * * LOW HITPOINT WARNING * * *
The cerulean imp hits you but does no damage.
Natasha mumbles some strange words.
The cerulean imp closely misses you. Natasha attacks as she pursues you!
Natasha misses you.
Casting: Foxfire (safe; 10% risk of failure)
Confirm with . or Enter, or press ? or * to list all spells.
You conjure some foxfire!
The cerulean imp hits you but does no damage.
Natasha claws you!
You die...
Natasha curls up and begins to purr.

######
#<...#
#....#
#.<..#
##...#
#...###
###..v#
#.@v#####
##h.....#
#.5####.###
#.5........
#..#....#..
#....###...
#.....# #
#..#....
...###...


You could see Natasha (ally target) and 2 cerulean imps.

Vanquished Creatures
  A ball python (D:1)
  An endoplasm (D:1)
  A goblin (D:1)
  2 hobgoblins (D:1)
  A kobold (D:1)
  A rat (D:1)
7 creatures vanquished.

Vanquished Creatures (collateral kills)
  A foxfire (D:1)
1 creature vanquished.

Vanquished Creatures (others)
  12 foxfires
12 creatures vanquished.

Grand Total: 20 creatures vanquished

Notes
Turn   | Place    | Note
-------+----------+-------------------------------------------
     0 | D:1      | Imperners the Draconian Fire Elementalist began the quest
                  | for the Orb.
     0 | D:1      | Reached XP level 1. HP: 14/14 MP: 3/3
   177 | D:1      | Gained mutation: Your magical capacity is low. (-10% MP)
                  | [potion of mutation]
   177 | D:1      | Gained mutation: You have sharp toenails. [potion of
                  | mutation]
   177 | D:1      | Gained mutation: You have a pair of small horns on your
                  | head. [potion of mutation]
   192 | D:1      | Reached XP level 2. HP: 20/20 MP: 4/4
   213 | D:2      | Noticed Natasha
   224 | D:2      | Slain by Natasha

Illustrated notes

Levels and vault maps discovered:
D:1:      minmay_arrival_doors, layout_basic, serial_forest,
          infiniplex_forest_lined_2, infiniplex_forest_end_2,
          infiniplex_forest_3_way, infiniplex_forest_clump_diagonal,
          infiniplex_forest_lined_4_way, infiniplex_forest_3_way,
          infiniplex_forest_3_way
D:2:      layout_rooms, minmay_split_cup_small, uniq_natasha

Skill      XL: |  1 |
---------------+----+-----
Stealth        | 2 |  2.1
Dodging        | |  1.8
Spellcasting   | |  2.1
Conjurations   | |  1.0
Fire Magic     | |  3.2

Action                     || total
---------------------------++-------
  Melee: Unarmed           ||    18
         Dagger            ||     7
         Kick              ||     2
         Tailslap          ||     2
   Cast: Foxfire           ||     8
    Use: Potion            ||     3
   Stab: Sleeping          ||     1
 Armour: Skin              ||    23
  Dodge: Dodged            ||    17

Table legend: (Time is in decaauts)
 A = Elapsed time spent in this place.
 B = Non-inter-level travel time spent in this place.
 C = Inter-level travel time spent in this place.
 D = Time resting spent in this place.
 E = Time spent auto-exploring this place.
 F = Levels seen in this place.
 G = Mean time per level.
                   A        B        C        D        E       F      G
               +--------+--------+--------+--------+--------+-----+--------+
         Total |    227 |    216 |     11 |      0 |      0 |   2 |  113.5 |
       Dungeon |    227 |    216 |     11 |      0 |      0 |   2 |  113.5 |
               +--------+--------+--------+--------+--------+-----+--------+

Top non-repeatable levels by time:
     D:1: 205 daAuts
     D:2: 22 daAuts
